 Dungeon Crawl Stone Soup version 0.29-a0-821-g6639535 (webtiles) character file.

Game seed: 2688858954119769525

17 PurpleRed the Sneak (level 2, -1/17 HPs)
             Began as a Deep Elf Brigand on July 7, 2022.
             Hit by a javelin thrown by an orc (4 damage)
             ... on level 3 of the Dungeon.
             The game lasted 00:02:11 (238 turns).

PurpleRed the Sneak (Deep Elf Brigand)               Turns: 238, Time: 00:02:11

Health: -1/17      AC:  8    Str:  8    XL:     2   Next: 44%
Magic:  7/7        EV: 10    Int: 15    God:
Gold:   24         SH:  0    Dex: 16    Spells: 5/5 levels left

rFire   + . .      SeeInvis .   a - +2 dagger
rCold   . . .      Faith    .   (no shield)
rNeg    . . .      Spirit   .   h - +2 ring mail {rF+}
rPois   .          Reflect  .   (no helmet)
rElec   .          Harm     .   c - +0 cloak
rCorr   .          Rampage  .   (no gloves)
Will    .....                   (no boots)
Stlth   ++........              (no amulet)
HPRegen 0.05/turn               (no ring)
MPRegen 0.10/turn               (no ring)

@: no status effects
A: no striking features
a: no special abilities


You were on level 3 of the Dungeon.
You visited 1 branch of the dungeon, and saw 3 of its levels.

You collected 24 gold pieces.

Inventory:

Hand Weapons
 a - a +2 dagger (weapon)
Missiles
 d - a poisoned dart (quivered)
 e - 3 curare-tipped darts
Armour
 b - a +0 robe
 c - a +0 cloak (worn)
 h - a +2 ring mail of fire resistance (worn)
Scrolls
 j - a scroll of teleportation {unknown}
Potions
 f - a potion of attraction {unknown}
 g - a potion of heal wounds {unknown}
 i - a potion of invisibility {unknown}


   Skills:
 - Level 2.0 Fighting
 - Level 2.0 Short Blades
 - Level 2.0 Throwing
 - Level 1.2 Dodging
 - Level 4.8 Stealth
 + Level 2.3 Spellcasting


You had 5 spell levels left.
You didn't know any spells.
Your spell library was empty.

Dungeon Overview and Level Annotations

Branches:
Dungeon (3/15)

Altars:

Shops:
D:3 :


Message History

Aim: an orc, wielding a +0 whip and wearing a +0 leather armour (severely wounded, 62% to hit)
You throw a poisoned dart. The poisoned dart hits the orc.
The orc is poisoned.
The orc is severely wounded.
You barely miss the orc.
The orc is severely wounded.
The orc hits you but does no damage.
You closely miss the orc.
The orc is severely wounded.
You barely miss the orc.
The orc is severely wounded.
The orc closely misses you.
You barely miss the orc.
The orc is severely wounded.
You kill the orc!
An orc comes into view. It is wielding a +0 short sword.
Throw: 3 darts (poison)
Press: ? - help, Q - select action, (/) - cycle Shift-Dir - straight line, f - orc
Aim: an orc, wielding a +0 falchion and wearing a +0 leather armour (62% to hit)
You throw a poisoned dart. The poisoned dart hits the orc.
The orc is poisoned.
The orc barely misses you.
Throw: 2 darts (poison)
Press: ? - help, Q - select action, (/) - cycle Shift-Dir - straight line, f/p - orc
Aim: an orc, wielding a +0 falchion and wearing a +0 leather armour (poisoned, 62% to hit)
You throw a poisoned dart. The poisoned dart hits the orc.
The orc looks even sicker.
The orc hits you with a +0 falchion.
You hit the orc.
The orc is moderately wounded.
The orc barely misses you.
You hit the orc but do no damage.
The orc is heavily wounded.
The orc hits you but does no damage.
You barely miss the orc.
The orc is almost dead.
The orc hits you with a +0 falchion.
* * * LOW HITPOINT WARNING * * *
You hit the orc.
You kill the orc!
The orc throws a javelin.
The javelin pierces through you.
You die...

#####
#...#
#.#.#
#.#@#
###.#)#
#...#o#
#.#...#
#.##..###
#.##....#
#...∩...#
#..††####
###..##


You could see an orc.

Vanquished Creatures
  3 orcs (D:3)
  2 ball pythons
  An endoplasm (D:1)
  A giant cockroach (D:2)
  A hobgoblin (D:2)
  2 quokkas
  A bat (D:2)
  2 frilled lizards
  A kobold (D:1)
  A rat (D:3)
15 creatures vanquished.

Notes
Turn   | Place    | Note
-------+----------+-------------------------------------------
     0 | D:1      | PurpleRed the Deep Elf Brigand began the quest for the Orb.
     0 | D:1      | Reached XP level 1. HP: 12/12 MP: 3/3
   139 | D:2      | Reached skill level 1 in Spellcasting
   177 | D:2      | Reached XP level 2. HP: 11/17 MP: 4/6
   186 | D:3      | Found Fupseaf's Book Shop.
   238 | D:3      | Hit by a javelin thrown by an orc

Illustrated notes

Levels and vault maps discovered:
D:1:      minmay_arrival_jagged, layout_basic
D:2:      layout_basic
D:3:      layout_basic, serial_shops, nicolae_square_shop,
          hellmonk_ecumenical_altar_arch_garden, dk_vineyard_2

Skill      XL: |  1  2 |
---------------+-------+-----
Spellcasting   | 1 2 |  2.3
Fighting       | 2 |  2.0
Short Blades   | |  2.0
Throwing       | |  2.0
Dodging        | |  1.2
Stealth        | |  4.8

Action                   || total
-------------------------++-------
Melee: Dagger            ||    42
Throw: Dart              ||     9
 Stab: Sleeping          ||     2
Armor: Ring mail         ||    15
       Robe              ||     2
Dodge: Dodged            ||    17

Table legend: (Time is in decaauts)
 A = Elapsed time spent in this place.
 B = Non-inter-level travel time spent in this place.
 C = Inter-level travel time spent in this place.
 D = Time resting spent in this place.
 E = Time spent auto-exploring this place.
 F = Levels seen in this place.
 G = Mean time per level.
                   A        B        C        D        E       F      G
               +--------+--------+--------+--------+--------+-----+--------+
         Total |    232 |    232 |      0 |      0 |      0 |   3 |   77.3 |
       Dungeon |    232 |    232 |      0 |      0 |      0 |   3 |   77.3 |
               +--------+--------+--------+--------+--------+-----+--------+

Top non-repeatable levels by time:
     D:2: 103 daAuts
     D:1: 79 daAuts
     D:3: 49 daAuts
